 Dungeon Crawl Stone Soup version 0.17-a0-1093-g0b3cd89 (webtiles) character file.

1550040 Igtpoe the Conqueror (level 27, 323/323 HPs)
             Began as an Ogre Fighter on May 19, 2015.
             Was the Champion of Makhleb.
             Escaped with the Orb
             ... and 3 runes on May 20, 2015!
             The game lasted 05:51:01 (86252 turns).

Igtpoe the Conqueror (Ogre Fighter)                Turns: 86252, Time: 05:51:01

Health: 323/323    AC: 30    Str: 34    XL:     27
Magic:  45/45      EV: 17    Int:  9    God:    Makhleb [******]
Gold:   4521       SH: 24    Dex: 17    Spells: 16 memorised, 13 levels left

rFire  + + .     SeeInvis +     T - +3 morningstar (holy)
rCold  + + .     Clarity  .     h - +8 ice dragon armour "Pibbauq" {*Drain rPois rF- rC++ rN+++ Dex+2}
rNeg   + + +     SustAb   .     n - +1 large shield
rPois  +         Gourm    .     d - +2 hat
rElec  +         Spirit   .     M - +1 cloak
rCorr  .         Warding  .     (gloves unavailable)
rMut   .         Stasis   .     (boots unavailable)
MR     ++...                    K - amulet "Otuhef" {Inacc rF+ Str+5 Int+4}
Stlth  ..........               E - ring of Fygutois {+Inv rElec rPois rN+}
                                u - ring "Guabacus" {rF++ rN+ Int-5 SInv}

@: very slightly contaminated, repel missiles, very resistant to hostile
enchantments, extremely unstealthy
A: unfitting armour, tough skin 1
a: Minor Destruction, Lesser Servant of Makhleb, Major Destruction, Greater
Servant of Makhleb, Renounce Religion, Evoke Invisibility
0: Orb of Zot
}: 3/15 runes: decaying, silver, gossamer


You escaped.
You worshipped Makhleb.
Makhleb was exalted by your worship.
You were not hungry.

You visited 9 branches of the dungeon, and saw 53 of its levels.
You visited the Abyss 3 times.
You visited 1 bazaar.
You also visited: Sewer, Ice Cave and Wizlab.

You collected 8709 gold pieces.
You spent 4188 gold pieces at shops.

Inventory:

Hand weapons
 b - a +1 demon whip of slashing
 B - the +4 morningstar of Domination {drain, *Corrode rF+ rN+++}
   (You took it off a deep elf priest on level 5 of the Vaults)

   A truly terrible weapon, it drains the life of those it strikes.
   It protects you from fire.
   It renders you almost immune to negative energy.
   It may corrode your equipment when you take damage.
 T - a +3 morningstar of holy wrath (weapon)
 Z - a +3 morningstar of venom
Missiles
 w - a throwing net
 V - 109 large rocks (quivered)
Armour
 d - a +2 hat (worn)
 h - the +8 ice dragon armour "Pibbauq" (worn) {*Drain rPois rF- rC++ rN+++ Dex+2}
   (You found it on level 3 of the Elven Halls)

   It affects your dexterity (+2).
   It makes you vulnerable to fire.
   It greatly protects you from cold.
   It protects you from poison.
   It renders you almost immune to negative energy.
   It causes draining when unequipped.
 n - a +1 large shield (worn)
 F - a +4 fire dragon armour
 M - a +1 cloak (worn)
Jewellery
 e - an uncursed amulet of regeneration
 j - an uncursed ring of wizardry
 q - an uncursed ring of protection from cold
 r - an uncursed ring of protection from magic
 u - the ring "Guabacus" (left hand) {rF++ rN+ Int-5 SInv}
   (You found it on level 3 of the Vaults)

   [ring of see invisible]

   It affects your intelligence (-5).
   It greatly protects you from fire.
   It protects you from negative energy.
   It lets you see invisible.
 y - the amulet of the Peculiar Planets {rCorr +Fly rElec rF+}
   (You took it off a vault sentinel on level 5 of the Vaults)

   [amulet of resist corrosion]

   It protects you from acid and corrosion.
   It protects you from fire.
   It insulates you from electricity.
   It lets you fly.
 z - an uncursed ring of teleportation
 E - the ring of Fygutois (right hand) {+Inv rElec rPois rN+}
   (You found it on level 4 of the Swamp)

   [ring of positive energy]

   It insulates you from electricity.
   It protects you from poison.
   It protects you from negative energy.
   It lets you turn invisible.
 H - an uncursed amulet of guardian spirit
 K - the amulet "Otuhef" (around neck) {Inacc rF+ Str+5 Int+4}
   (You bought it in a shop on level 4 of the Orcish Mines)

   [amulet of inaccuracy]

   It reduces the accuracy of all your attacks.
   It affects your strength (+5).
   It affects your intelligence (+4).
   It protects you from fire.
Magical devices
 f - a wand of disintegration (6)
 l - a wand of invisibility (5)
 m - a wand of hasting (3)
 o - a wand of teleportation (7)
 G - a wand of digging (3)
 O - a wand of draining (5)
 Q - a wand of digging (0)
 U - a wand of teleportation (2)
 Y - a wand of teleportation (4)
Scrolls
 a - a scroll of summoning
 c - 3 scrolls of fog
 p - 17 scrolls of remove curse
 t - a scroll of silence
 x - 7 scrolls of teleportation
 J - 7 scrolls of fear
 L - 6 scrolls of blinking
 P - 4 scrolls of recharging
 R - 3 scrolls of identify
 S - 3 scrolls of amnesia
Potions
 g - a potion of might
 i - 5 potions of resistance
 s - 2 potions of cancellation
 v - a potion of cure mutation
 C - 4 potions of curing
 D - 2 potions of heal wounds
Books
 A - a book of Power

   Spells                             Type                      Level
   a - Fulminant Prism                Conjuration/Hexes            4
   b - Iskenderun's Mystic Blast      Conjuration                  4
   c - Venom Bolt                     Conjuration/Poison           5
   d - Bolt of Magma                  Conjuration/Fire/Earth       5
   e - Iron Shot                      Conjuration/Earth            6
   f - Orb of Destruction             Conjuration                  7
   g - Spellforged Servitor           Conjuration/Summoning        7
 N - an Akashic Record {highlevel}

   This book is beyond your current level of understanding.

   Spells                             Type                      Level
   a - Dispersal                      Translocation                6
   b - Controlled Blink               Translocation                7
   c - Malign Gateway                 Summoning/Translocation      7
   d - Disjunction                    Translocation                8
   e - Singularity                    Translocation                9
 W - a book of Death

   Spells                             Type                      Level
   a - Corpse Rot                     Necromancy                   2
   b - Sublimation of Blood           Necromancy                   2
   c - Agony                          Necromancy                   5
   d - Dispel Undead                  Necromancy                   5
   e - Excruciating Wounds            Charms/Necromancy            5
   f - Bolt of Draining               Conjuration/Necromancy       5
Comestibles
 k - 26 meat rations
 I - 47 fruits
 X - 2 bread rations


   Skills:
 O Level 27 Fighting
 - Level 16.0 Maces & Flails
 + Level 20.5 Throwing
 - Level 19.0 Armour
 - Level 13.3 Dodging
 - Level 15.6 Shields
 - Level 18.1 Spellcasting
 - Level 5.8 Charms
 - Level 9.0 Necromancy
 - Level 8.0 Translocations
 - Level 4.2 Invocations


You had 13 spell levels left.
You knew the following spells:

 Your Spells              Type           Power        Failure   Level  Hunger
a - Ozocubu's Armour      Chrm/Ice       ##......     12%         3    None
b - Blink                 Tloc           N/A          1%          2    None
c - Repel Missiles        Chrm/Air       ##....       6%          2    None
d - Portal Projectile     Tloc           ###...       1%          3    None
e - Apportation           Tloc           ###.......   1%          1    None
f - Passage of Golubria   Tloc           N/A          4%          4    ###....
g - Shroud of Golubria    Chrm/Tloc      ###.......   1%          2    None
h - Control Teleport      Chrm/Tloc      ###.......   10%         4    ###....
i - Phase Shift           Tloc           ###.......   12%         5    #####..
j - Regeneration          Chrm/Necr      ###.......   1%          3    None
k - Spectral Weapon       Hex/Chrm       ##......     12%         3    None
l - Stoneskin             Trmt/Erth      #.......     17%         2    None
m - Dispel Undead         Necr           ###.....     10%         5    #####..
n - Sublimation of Blood  Necr           ###.......   1%          2    None
o - Passwall              Trmt/Erth      #.........   30%         3    None
p - Excruciating Wounds   Chrm/Necr      ###.......   17%         5    #####..


Dungeon Overview and Level Annotations

Branches:
Dungeon (15/15)            Temple (0/1) D:7            Lair (8/8) D:9
  Swamp (4/4) Lair:6       Spider (4/4) Lair:4        Slime (0/6) Lair:7
    Orc (4/4) D:10            Elf (3/3) Orc:3        Vaults (5/5) D:13
  Crypt (0/3) Vaults:3     Depths (5/5) D:15            Zot (5/5) Depths:5

Altars:
Cheibriados
Elyvilon
Fedhas
Gozag
Kikubaaqudgha
Makhleb
Nemelex Xobeh
Ru
Sif Muna
Trog
Xom
Yredelemnul
Zin
The Shining One
Jiyva
Lugonu

Shops:
D:6 [   Orc:1 (   Orc:4 (%=*   Elf:2 *([   Vaults:2 =   Vaults:5 (

Portals:
Hell: Depths:1 Depths:2 Depths:3 Depths:4 Depths:5
Abyss: Depths:1 Depths:2 Depths:4
Pandemonium: Depths:3 Depths:5
Ziggurat: Depths:1
Trove: Depths:2 (give +3 gold dragon armour)

Annotations:
D:3 exclusion: oklob plant
Swamp:4 Lernaean hydra


Innate Abilities, Weirdness & Mutations

You are too large for most types of armour.
You have tough skin (AC +1).


Message History

Unknown command.
Your skin stops crawling.
There is an open door here.
There is a fountain of clear blue water here.
There is a staircase leading out of the dungeon here.
Drink which item? (? for menu, Esc to quit)
It has a very clean taste.
Your magical essence is no longer linked to your wands.
You feel healthier.
Your urge to scream lessens.
Drink which item? (? for menu, Esc to quit)
It has a very clean taste.
Your urge to yell lessens.
Your urge to shout disappears.
Read which item? (? for menu, Esc to quit)
Okay, then.
This spell is quite dangerous to cast!
Memorise Excruciating Wounds, consuming 5 spell levels and leaving 13?
You start memorising the spell.
You continue memorising.
You continue memorising. x4
You finish memorising.
Spell assigned to 'p'.
You have escaped!

#..........#.####......# #.
##.########.#.# #...##.###.
######.#.#######.#.#####.###.....
#.....###........................
#.####.#.##...#####......#####.##
#.# ##..###...#...#....### #.##
#.###...###.###.⌠.###..# #.##
.........##.#...)...#..# #.##
#.###...###.'.⌠.@.⌠.+..# #.## ..#
##......#.......#..# #####.## ..#
#......###.⌠.###..# #.....## ..#
#..###)..#...#....# #.###... .##
#..# #...#####....# #.# #... .#
#..###............# #.# ####
.#####...##.#####.###### #.# #
............# #.# #.### #
.#####...#### #.# #...#


There were no monsters in sight!

Vanquished Creatures
  8 ancient liches
  5 orbs of fire (Zot:5)
  Saint Roka (Vaults:2)
  3 Killer Klowns
  3 curse toes
  5 caustic shrikes (Depths:5)
  13 golden dragons
  A pearl dragon (Depths:1)
  3 bone dragons
  3 electric golems
  The ghost of Githyanki the Executioner, a mighty DDFi of Makhleb (Depths:2)
  An Ice Fiend (D:3)
  11 tentacled monstrosities
  A lich (Vaults:3)
  26 Orb Guardians
  2 deep elf blademasters (Elf:3)
  5 sphinxes
  A quicksilver dragon (Vaults:5)
  A titan (Vaults:5)
  2 deep elf master archers (Elf:3)
  The ghost of Fluffy the Severer, a mighty HOFi of Qazlal (Swamp:4)
  An eldritch tentacle (Zot:5)
  2 Executioners (Abyss:1)
  Gastronok (Lair:2)
  3 tentacled starspawn (Abyss:1)
  Frances (Swamp:1)
  19 storm dragons
  9 tengu reavers
  9 shadow dragons
  4 thorn hunters
  4 draconian monks
  14 fire giants
  2 draconian scorchers
  Maud (Lair:6)
  15 vault wardens
  9 deep elf sorcerers
  3 draconian knights
  13 frost giants
  Aizul (Swamp:4)
  6 ghost moths
  Louise (Spider:2)
  7 emperor scorpions
  A draconian zealot (Zot:1)
  2 iron dragons
  2 draconian shifters
  11 rakshasas
  4 draconian annihilators
  10 very ugly things
  An ophan (Depths:1)
  20 ironheart preservers
  4 spriggan defenders
  3 draconian callers
  13 green draconians
  An apis (Depths:1)
  Nessos (Lair:8)
  4 deep elf demonologists
  25 stone giants
  The ghost of asdu the Unseen, a powerful VSBe of Trog (Swamp:4)
  A vampire knight (Depths:3)
  8 mottled draconians
  2 white draconians
  5 purple draconians
  8 black draconians
  13 deep elf annihilators
  4 red draconians
  8 yellow draconians
  10 deep elf death magi
  13 ettins
  Snorg (D:14)
  28 vault guards
  3 jiangshi (Depths:5)
  A blizzard demon (D:3)
  A crystal guardian (Vaults:4)
  22 fire dragons
  Josephine (Lair:8)
  5 deep elf high priests
  19 yaktaur captains
  8 entropy weavers
  6 death cobs
  28 hydras
  A hell beast (Depths:3)
  8 great orbs of eyes
  18 ice dragons
  A monstrous demonspawn (Zot:3)
  7 spriggan air magi
  4 ghost crabs
  19 dancing weapons (Elf:2)
  15 ogre magi
  7 centaur warriors
  7 tengu warriors
  7 deep troll earth magi
  8 alligators
  5 deep troll shamans
  4 orc high priests (Orc:4)
  10 death yaks
  5 salamander stormcallers
  A shock serpent (shapeshifter) (Vaults:5)
  A thrashing horror (Abyss:1)
  16 hell knights
  A soul eater (Depths:5)
  3 vampire magi
  7 spriggan berserkers
  Sonja (Lair:3)
  18 deep elf knights
  A hell hog (Abyss:1)
  2 fire crabs (Vaults:4)
  7 wretched stars (Abyss:1)
  2 sun demons
  2 unseen horrors
  2 iron trolls (Depths:4)
  6 skeletal warriors
  A golden dragon zombie (Vaults:5)
  10 large abominations
  A death drake (Zot:1)
  A quicksilver dragon simulacrum (Depths:5)
  A spatial maelstrom (Abyss:1)
  A spriggan druid (Swamp:2)
  A gelid demonspawn (Depths:5)
  27 deep trolls
  An ice devil (Abyss:1)
  2 wizards
  3 flayed ghosts
  A harpy (shapeshifter) (Vaults:4)
  15 starcursed masses (Abyss:1)
  5 hill giants
  6 swamp dragons
  9 giant orange brains
  4 phantasmal warriors
  10 deep elf summoners
  Pikel (D:6)
  An anaconda skeleton (Abyss:1)
  4 shambling mangroves
  A shadow dragon zombie (Vaults:5)
  A shining eye (shapeshifter) (Abyss:1)
  A harpy (Vaults:2)
  8 griffons
  10 ironbrand convokers
  14 deep elf conjurers
  7 necromancers
  9 orc sorcerers
  57 ugly things
  20 orb spiders
  A cyclops (shapeshifter) (Vaults:5)
  23 hornets
  A frost giant zombie (Depths:1)
  An oklob plant (Swamp:3)
  35 wolf spiders
  A worldbinder (Abyss:1)
  A mana viper (Abyss:1)
  16 orc knights
  2 draconian zombies (Zot:1)
  7 cyclopes
  3 sixfirhies
  A manticore (D:13)
  A fire giant skeleton (Depths:1)
  The ghost of Githyanki the Chopper, an experienced DDFi (D:5)
  10 elephants
  23 moths of wrath
  2 centaur zombies
  An eye of devastation (shapeshifter) (Vaults:5)
  4 gargoyles
  A moth of wrath (shapeshifter) (Depths:2)
  A guardian serpent (shapeshifter) (Depths:4)
  A stone giant skeleton (Depths:1)
  A naga mage (Abyss:1)
  An octopode (shapeshifter) (Abyss:1)
  A rust devil (Depths:3)
  5 smoke demons (Abyss:1)
  13 vault sentinels
  A spiny frog (shapeshifter) (D:15)
  2 guardian serpents
  A purple draconian zombie (Zot:1)
  A torpor snail (shapeshifter) (Vaults:1)
  A torpor snail (Spider:2)
  2 kobold demonologists (D:12)
  A hellion (Abyss:1)
  7 black mambas
  60 yaktaurs
  A black draconian zombie (Zot:1)
  A spriggan zombie (WizLab)
  21 eyes of devastation
  A hellwing (Vaults:1)
  25 spiny frogs
  11 komodo dragons
  A tormentor (Depths:5)
  18 demonic crawlers
  A fire drake (shapeshifter) (D:15)
  5 fire drakes
  11 small abominations
  A tengu conjurer (Depths:3)
  2 efreet
  The ghost of 4thArraOfDagon the Ruffian, an average TrAM (D:4)
  3 blue devils
  A queen bee (shapeshifter) (Vaults:5)
  2 ancient zymes (Abyss:1)
  21 deep elf priests
  3 polar bears
  10 trolls
  A wolf spider simulacrum (D:14)
  7 wandering mushrooms (Swamp:3)
  A freezing wraith (Vaults:4)
  A raiju (shapeshifter) (Vaults:3)
  A jumping spider (shapeshifter) (Depths:4)
  41 jumping spiders
  A two-headed ogre (shapeshifter) (Depths:1)
  5 giant leeches
  2 polar bears (shapeshifter)
  A blink frog (shapeshifter) (Depths:1)
  12 blink frogs
  7 bog bodies
  28 slime creatures
  26 two-headed ogres
  A wind drake (Zot:1)
  6 water elementals (Depths:4)
  3 boulder beetles
  30 ravens
  8 spriggans
  11 raiju (Abyss:1)
  2 tarantellas (shapeshifter)
  An ettin skeleton (Depths:1)
  10 air elementals
  56 redbacks
  97 yaks
  A fire dragon skeleton (Abyss:1)
  A vampire (D:15)
  24 tarantellas
  A ynoxinul (Abyss:1)
  11 trapdoor spiders
  A human (shapeshifter) (Elf:1)
  26 deep elf magi
  7 wraiths
  2 golden eyes (Depths:4)
  4 basilisks
  2 hogs (shapeshifter) (Vaults:4)
  6 neqoxecs
  A shadow (D:14)
  Grum (D:9)
  30 vampire mosquitoes
  36 deep elf fighters
  A hippogriff (shapeshifter) (Vaults:1)
  A steam dragon (Lair:8)
  7 wyverns
  A golden eye (shapeshifter) (Depths:2)
  10 wolves
  A spatial vortex (Abyss:1)
  3 mottled dragons
  24 insubstantial wisps
  4 wargs
  2 chaos spawn (Abyss:1)
  13 hippogriffs
  15 water moccasins
  46 orc warriors
  23 swamp worms
  Duvessa (D:4)
  45 spiders
  A water moccasin (shapeshifter) (Vaults:3)
  3 black bears
  A soldier ant (shapeshifter) (Vaults:4)
  15 swamp drakes
  An eye of draining (shapeshifter) (Depths:4)
  13 wasps
  5 ice beasts
  9 porcupines
  2 necrophages
  A black bear (shapeshifter) (Vaults:4)
  24 centaurs
  7 sky beasts
  2 phantoms
  2 eyes of draining
  14 big kobolds
  4 boggarts (Depths:1)
  17 crocodiles
  60 ogres
  Dowan (D:4)
  27 giant frogs
  A wyvern zombie (D:12)
  4 scorpions
  5 killer bees (D:8)
  34 wights
  An oklob sapling (Swamp:3)
  A vampire bat (Orc:2)
  11 hounds
  11 electric eels
  A wasp zombie (D:10)
  10 crimson imps
  A jelly (D:7)
  6 quasits
  Crazy Yiuf (D:3)
  9 centaur skeletons
  4 giant frog skeletons
  4 iron imps
  40 orc priests
  9 hell rats
  Terence (D:2)
  45 orc wizards
  11 iguanas
  14 worker ants
  21 sheep
  A killer bee zombie (D:8)
  A hound zombie (D:7)
  A worker ant zombie (D:6)
  50 river rats
  20 adders
  An adder (shapeshifter) (Vaults:5)
  A white imp (Depths:3)
  2 shadow imps
  An ooze (shapeshifter) (Depths:1)
  9 ufetubi
  6 oozes
  An adder skeleton (D:7)
  An adder zombie (D:7)
  5 worms
  9 giant geckos
  225 orcs
  5 giant cockroaches
  23 goblins
  26 hobgoblins
  10 jackals
  6 quokkas
  8 ball pythons
  23 bats
  4 giant newts
  2 jackal zombies
  28 kobolds
  A lurking horror (Abyss:1)
  2 quokka skeletons
  17 rats
  24 ballistomycetes (Swamp:3)
  A briar patch (Swamp:3)
  A butterfly (Lair:3)
  3 crawling corpses
  A plant (Lair:8)
  2 starspawn tentacles (Abyss:1)
3008 creatures vanquished.

Vanquished Creatures (others)
  A fire giant (Depths:3)
  A draconian knight (Zot:3)
  A stone giant (Depths:5)
  A yellow draconian (Zot:3)
  2 spectral weapons
  An alligator (Swamp:4)
  An ogre mage (Vaults:2)
  2 small abominations
  A storm dragon simulacrum (Vaults:5)
  2 fire vortices (Vaults:5)
  A raven (Swamp:4)
  A wraith (Zot:5)
  2 deep elf magi
  5 insubstantial wisps (Swamp:2)
  A swamp drake (Swamp:3)
  A spider (Spider:2)
  2 slaves (D:6)
  An ogre (Vaults:5)
  4 lost souls
  A hell rat (Elf:1)
  2 orcs
  A giant gecko skeleton (D:6)
  6 giant spores (Swamp:3)
  16 ballistomycetes (Swamp:3)
  2 briar patches (Swamp:3)
  3 eldritch tentacle segments (Zot:5)
  24 fungi
  10 plants
  9 starspawn tentacles (Abyss:1)
  6 starspawn tentacle segments (Abyss:1)
111 creatures vanquished.

Grand Total: 3119 creatures vanquished

Notes
Turn   | Place    | Note
--------------------------------------------------------------
     0 | D:1      | Igtpoe the Ogre Fighter began the quest for the Orb.
     0 | D:1      | Reached XP level 1. HP: 24/24 MP: 1/1
    90 | D:1      | Reached XP level 2. HP: 30/32 MP: 2/2
   589 | D:1      | Reached XP level 3. HP: 40/40 MP: 3/3
   608 | D:1      | Found a sparkling altar of Nemelex Xobeh.
  1402 | D:2      | Reached XP level 4. HP: 46/49 MP: 4/4
  1636 | D:2      | Noticed Terence
  1643 | D:2      | Killed Terence
  1726 | D:2      | Found a burning altar of Makhleb.
  1727 | D:2      | Found an opulent altar of Gozag.
  2311 | D:3      | Reached skill level 5 in Fighting
  2311 | D:3      | Reached XP level 5. HP: 30/57 MP: 5/5
  2468 | D:3      | Noticed Crazy Yiuf
  2475 | D:3      | Killed Crazy Yiuf
  2475 | D:3      | Reached skill level 5 in Maces & Flails
  2612 | D:3      | Found a blossoming altar of Fedhas.
  2623 | D:3      | Noticed an oklob plant
  2882 | D:4      | Noticed an ogre
  2882 | D:4      | Noticed an ogre
  2888 | D:3      | Killed an ogre
  2888 | D:3      | Reached XP level 6. HP: 24/66 MP: 6/6
  3245 | D:4      | Killed an ogre
  3245 | D:4      | Reached skill level 6 in Maces & Flails
  3362 | D:4      | Noticed an ogre
  3370 | D:4      | Killed an ogre
  3640 | D:4      | Noticed 4thArraOfDagon's ghost (average TrAM)
  3644 | D:4      | Killed 4thArraOfDagon's ghost
  3644 | D:4      | Reached skill level 7 in Maces & Flails
  3644 | D:4      | Reached XP level 7. HP: 74/76 MP: 7/7
  3761 | D:4      | Reached skill level 8 in Maces & Flails
  3896 | D:4      | Noticed Duvessa
  3897 | D:4      | Noticed Dowan
  3911 | D:4      | Killed Duvessa
  3911 | D:4      | Reached skill level 5 in Shields
  3911 | D:4      | Reached XP level 8. HP: 30/87 MP: 8/8
  3915 | D:4      | Killed Dowan
  4383 | D:5      | Entered Level 5 of the Dungeon
  4429 | D:5      | Found a glowing drain.
  4440 | Sewer    | Entered a sewer
  4476 | Sewer    | Reached skill level 9 in Maces & Flails
  4757 | Sewer    | Reached skill level 10 in Maces & Flails
  4885 | Sewer    | Reached XP level 9. HP: 68/97 MP: 9/9
  5140 | D:2      | Became a worshipper of Makhleb the Destroyer
  6097 | D:5      | Found a deep blue altar of Sif Muna.
  6209 | D:5      | Noticed Githyanki's ghost (experienced DDFi)
  6220 | D:5      | Killed Githyanki's ghost
  6220 | D:5      | Reached skill level 11 in Maces & Flails
  6288 | D:6      | Noticed Pikel
  6462 | D:6      | Acquired Makhleb's first power
  6518 | D:6      | Killed Pikel
  6518 | D:6      | Reached skill level 12 in Maces & Flails
  7005 | D:6      | Found Isaysieb's Antique Armour Shoppe.
  7117 | D:6      | Reached XP level 10. HP: 110/110 MP: 10/10
  7194 | D:6      | Reached skill level 10 in Fighting
  7310 | D:6      | Acquired Makhleb's second power
  7695 | D:7      | Found a staircase to the Ecumenical Temple.
  7725 | D:7      | Reached skill level 13 in Maces & Flails
  8368 | D:7      | Acquired Makhleb's third power
  9386 | D:8      | Acquired Makhleb's fourth power
  9700 | D:8      | Reached skill level 14 in Maces & Flails
  9733 | D:8      | Noticed a three-headed hydra
  9748 | D:8      | Killed a three-headed hydra
  9748 | D:8      | Reached XP level 11. HP: 34/120 MP: 11/11
 10285 | D:9      | Noticed Grum
 10312 | D:9      | Killed Grum
 10855 | D:9      | Found a staircase to the Lair.
 11102 | D:9      | Found a basalt altar of Yredelemnul.
 11102 | D:9      | Found a shimmering altar of Xom.
 11102 | D:9      | Found a sacrificial altar of Ru.
 11194 | D:10     | Entered Level 10 of the Dungeon
 11415 | D:10     | Acquired Makhleb's fifth power
 12598 | D:10     | Reached skill level 1 in Throwing
 12778 | D:10     | Found a staircase to the Orcish Mines.
 13061 | Orc:1    | Entered Level 1 of the Orcish Mines
 13064 | Orc:1    | Found Tokujuex's Antique Weapon Shoppe.
 13221 | Orc:1    | Bought a runed morningstar for 116 gold pieces
 13384 | Orc:1    | Reached skill level 1 in Invocations
 14177 | Orc:2    | Found a frozen archway.
 14186 | IceCv    | Entered an ice cave
 14190 | IceCv    | Reached skill level 15 in Maces & Flails
 15372 | Orc:3    | Found a bloodstained altar of Trog.
 15421 | Orc:3    | Reached XP level 12. HP: 116/136 MP: 14/14
 15632 | Orc:3    | Found a staircase to the Elven Halls.
 15922 | Lair:1   | Entered Level 1 of the Lair of Beasts
 16005 | Lair:1   | Reached skill level 16 in Maces & Flails
 17044 | Lair:2   | Noticed a seven-headed hydra
 17053 | Lair:2   | Killed a seven-headed hydra
 17120 | Lair:2   | Reached skill level 5 in Dodging
 17250 | Lair:2   | Reached skill level 15 in Fighting
 17301 | Lair:2   | Noticed Gastronok
 17317 | Lair:2   | Killed Gastronok
 17658 | Lair:3   | Reached XP level 13. HP: 150/150 MP: 16/16
 17718 | Lair:3   | Noticed an eight-headed hydra
 17729 | Lair:3   | Noticed Sonja
 17731 | Lair:3   | Killed an eight-headed hydra
 17735 | Lair:3   | Killed Sonja
 17966 | Lair:3   | Noticed a five-headed hydra
 17981 | Lair:3   | Killed a five-headed hydra
 18735 | Lair:4   | Found a hole to the Spider Nest.
 18991 | Lair:4   | Reached skill level 17 in Fighting
 21128 | Lair:6   | Found a staircase to the Swamp.
 21172 | Lair:6   | Noticed Maud
 21183 | Lair:6   | Killed Maud
 21183 | Lair:6   | Reached XP level 14. HP: 165/167 MP: 17/17
 21781 | Lair:6   | Reached skill level 18 in Fighting
 22098 | Lair:7   | Reached skill level 10 in Dodging
 22444 | Lair:7   | Reached skill level 1 in Armour
 22553 | Lair:7   | Found a viscous altar of Jiyva.
 22553 | Lair:7   | Found a staircase to the Slime Pits.
 22676 | Lair:7   | Reached skill level 19 in Fighting
 22959 | Lair:8   | Entered Level 8 of the Lair of Beasts
 23161 | Lair:8   | Noticed Josephine
 23178 | Lair:8   | Killed Josephine
 23741 | Lair:8   | Reached XP level 15. HP: 171/180 MP: 18/18
 24208 | Lair:8   | Noticed Nessos
 24232 | Lair:8   | Killed Nessos
 24232 | Lair:8   | Reached skill level 10 in Shields
 25449 | Orc:4    | Entered Level 4 of the Orcish Mines
 25935 | Orc:4    | Found Ysumaiqa's Assorted Antiques.
 25935 | Orc:4    | Found Fisch's Food Shop.
 25961 | Orc:4    | Found Tyanaviw's Weapon Shop.
 25968 | Orc:4    | Found Ygreafut's Jewellery Boutique.
 26001 | Orc:4    | Bought an uncursed ring of invisibility for 390 gold pieces
 26764 | Swamp:1  | Entered Level 1 of the Swamp
 26773 | Swamp:1  | Reached skill level 20 in Fighting
 27485 | Swamp:1  | Noticed Frances
 28295 | Swamp:1  | Killed Frances
 28921 | Swamp:1  | Reached skill level 5 in Throwing
 29343 | Swamp:2  | HP: 4/276 [alligator[a spriggan druid] (12)]
 29801 | Swamp:2  | Reached skill level 5 in Armour
 30267 | Swamp:2  | Reached XP level 16. HP: 190/195 MP: 19/19
 30887 | Spider:1 | Entered Level 1 of the Spider Nest
 31012 | Spider:1 | Reached skill level 1 in Spellcasting
 31944 | Spider:1 | Reached skill level 5 in Spellcasting
 32184 | Spider:1 | Learned a level 3 spell: Ozocubu's Armour
 32491 | Spider:2 | Noticed Louise
 32542 | Spider:2 | Killed Louise
 35694 | Spider:4 | Entered Level 4 of the Spider Nest
 35960 | Spider:3 | Reached XP level 17. HP: 138/204 MP: 24/27
 37743 | Spider:4 | Got a gossamer rune of Zot
 40159 | D:13     | Found a gate to the Vaults.
 40308 | D:13     | Reached XP level 18. HP: 213/213 MP: 26/28
 40617 | D:13     | Got a pitted ruby amulet
 40886 | D:13     | Identified the amulet of Obsession {Faith rF+ Int+2 Dex-5 Slay+2} (You found it on level 13 of the Dungeon)
 40916 | D:13     | Reached skill level 15 in Shields
 41238 | Vaults:1 | Entered Level 1 of the Vaults
 41570 | Vaults:1 | Gained mutation: You heal slowly when monsters are visible. [a neqoxec]
 42748 | Vaults:2 | Noticed Saint Roka
 42806 | Vaults:2 | Killed Saint Roka
 42806 | Vaults:2 | Reached skill level 10 in Armour
 43167 | Vaults:2 | Found a magical portal.
 43182 | WizLab   | Entered Doroklohe's Tomb
 43974 | Vaults:2 | Reached XP level 19. HP: 221/221 MP: 29/29
 44087 | Vaults:2 | Found Plog's Jewellery Shoppe.
 44813 | Vaults:3 | Got an ancient brass ring
 45024 | Vaults:3 | Paralysed by a lich for 2 turns
 45386 | Vaults:3 | Identified the ring "Guabacus" {rF++ rN+ Int-5 SInv} (You found it on level 3 of the Vaults)
 45801 | Vaults:3 | Found a staircase to the Crypt.
 45801 | Vaults:3 | Found a basalt altar of Yredelemnul.
 45802 | Vaults:3 | Found an ancient bone altar of Kikubaaqudgha.
 46400 | Vaults:4 | Reached skill level 21 in Fighting
 46981 | Vaults:4 | Reached XP level 20. HP: 234/234 MP: 30/30
 48447 | Swamp:3  | Reached skill level 22 in Fighting
 48551 | Swamp:3  | Noticed a thorn hunter
 48582 | Swamp:3  | Killed a thorn hunter
 48584 | Swamp:3  | Noticed a thorn hunter
 48604 | Swamp:3  | Killed a thorn hunter
 48892 | Swamp:3  | Reached skill level 15 in Armour
 49658 | Swamp:3  | Noticed a thorn hunter
 49687 | Swamp:3  | Killed a thorn hunter
 50091 | Swamp:4  | Entered Level 4 of the Swamp
 50198 | Swamp:4  | Lost mutation: You heal slowly when monsters are visible. [potion of cure mutation]
 50211 | Swamp:4  | Noticed Fluffy's ghost (mighty HOFi)
 50250 | Swamp:4  | Killed Fluffy's ghost
 50516 | Swamp:4  | Noticed asdu's ghost (powerful VSBe)
 50540 | Swamp:4  | Killed asdu's ghost
 50561 | Swamp:4  | Noticed Aizul
 50589 | Swamp:4  | Killed Aizul
 50986 | Swamp:4  | Got a slimy iron ring
 51411 | Swamp:4  | Reached skill level 23 in Fighting
 51482 | Swamp:4  | Noticed the 27-headed Lernaean hydra
 51520 | Swamp:4  | Identified the ring of Fygutois {+Inv rElec rPois rN+} (You found it on level 4 of the Swamp)
 51529 | Swamp:4  | Got a decaying rune of Zot
 52036 | D:14     | Found a snail-covered altar of Cheibriados.
 52119 | D:14     | Found a sacrificial altar of Ru.
 52244 | D:14     | Noticed Snorg
 52252 | D:14     | Killed Snorg
 52822 | D:15     | Entered Level 15 of the Dungeon
 53017 | D:15     | Reached XP level 21. HP: 249/249 MP: 28/31
 53209 | D:15     | Found a staircase to the Depths.
 54381 | Depths:1 | Entered Level 1 of the Depths
 54446 | Depths:1 | Found a gateway to a ziggurat.
 54594 | Depths:1 | Learned a level 2 spell: Blink
 54597 | Depths:1 | Learned a level 2 spell: Repel Missiles
 54806 | Depths:1 | Found a one-way gate to the infinite horrors of the Abyss.
 54807 | Depths:1 | Found a corrupted altar of Lugonu.
 54863 | Depths:1 | Learned a level 3 spell: Portal Projectile
 54865 | Depths:1 | Learned a level 1 spell: Apportation
 54870 | Depths:1 | Learned a level 4 spell: Passage of Golubria
 54873 | Depths:1 | Learned a level 2 spell: Shroud of Golubria
 55773 | Depths:1 | Reached skill level 1 in Translocations
 55831 | Depths:1 | Found a glowing golden altar of the Shining One.
 55831 | Depths:1 | Found a white marble altar of Elyvilon.
 55832 | Depths:1 | Found a glowing silver altar of Zin.
 55986 | Depths:1 | Found a gateway to Hell.
 56331 | Depths:2 | Found a portal to a secret trove of treasure.
 56382 | Depths:2 | Noticed Githyanki's ghost (mighty DDFi)
 56429 | Depths:2 | Killed Githyanki's ghost
 57088 | Depths:2 | Noticed a golden dragon
 57114 | Depths:2 | Killed a golden dragon
 57225 | Depths:2 | Identified the Handbook of Talismans
 57451 | Depths:2 | Reached XP level 22. HP: 262/262 MP: 28/35
 58449 | Depths:3 | Found a glowing golden altar of the Shining One.
 58985 | Depths:3 | Upgraded the game from 0.17-a0-1078-g243345b to 0.17-a0-1093-g0b3cd89
 59008 | Depths:3 | Reached skill level 24 in Fighting
 59252 | Depths:3 | Found a one-way gate leading to the halls of Pandemonium.
 59593 | Depths:3 | Reached skill level 10 in Spellcasting
 62003 | Depths:4 | Reached XP level 23. HP: 137/273 MP: 20/38
 62347 | Depths:4 | Got a steaming broad axe
 62348 | Depths:4 | Identified the +3 broad axe "Fyfuquet" {drain, *Drain rC++} (You took it off a rakshasa on level 4 of the Depths)
 62524 | Depths:4 | Reached skill level 10 in Throwing
 63007 | Orc:4    | Bought the amulet "Otuhef" {Inacc rF+ Str+5 Int+4} for 382 gold pieces
 63138 | Lair:2   | Identified a -2 rod of ignition (12/12) (You found it on level 4 of the Depths)
 63154 | Lair:2   | Learned a level 4 spell: Control Teleport
 63160 | Lair:2   | Learned a level 5 spell: Phase Shift
 63498 | Depths:5 | Entered Level 5 of the Depths
 64009 | Depths:5 | Found a flickering gateway to a bazaar.
 64019 | Bazaar   | Entered a bazaar
 64019 | Bazaar   | Found Fymor's Book Emporium.
 64019 | Bazaar   | Found Zunot's Magic Scroll Shoppe.
 64062 | Bazaar   | Found Orey's Armour Boutique.
 64076 | Bazaar   | Found Ciploget's Weapon Shop.
 64089 | Bazaar   | Found Aczi Jirph's Food Shop.
 64128 | Bazaar   | Bought the +2 hat of the High Council {Archmagi, Wiz- Stlth-} for 669 gold pieces
 64172 | Bazaar   | Bought a scroll of enchant armour for 127 gold pieces
 64172 | Bazaar   | Bought a scroll of fear for 59 gold pieces
 64186 | Bazaar   | Bought a book of Control for 910 gold pieces
 64186 | Bazaar   | Bought a book of Battle for 560 gold pieces
 64190 | Bazaar   | Learned a level 3 spell: Regeneration
 64194 | Bazaar   | Learned a level 3 spell: Spectral Weapon
 64731 | Depths:5 | Reached skill level 1 in Charms
 65504 | Depths:5 | Found a gate to the Realm of Zot.
 66577 | Vaults:5 | Entered Level 5 of the Vaults
 67296 | Vaults:2 | Bought an uncursed ring of protection from cold for 350 gold pieces
 67423 | Vaults:5 | Reached XP level 24. HP: 264/283 MP: 40/40
 67423 | Vaults:5 | Reached skill level 5 in Charms
 67581 | Vaults:5 | Noticed an ancient lich
 67733 | Vaults:4 | Killed an ancient lich
 68180 | Vaults:5 | Reached skill level 5 in Translocations
 68182 | Vaults:5 | Got an iridescent morningstar {drain}
 68193 | Vaults:5 | Noticed an ancient lich
 68212 | Vaults:5 | Killed an ancient lich
 68217 | Vaults:5 | Identified the +4 morningstar of Domination {drain, *Corrode rF+ rN+++} (You took it off a deep elf priest on level 5 of the Vaults)
 68396 | Vaults:5 | Noticed an ancient lich
 69100 | Vaults:5 | Identified Joeninotei's Grimoire of Igneous Dark Arts
 69149 | Vaults:5 | Reached skill level 15 in Spellcasting
 69245 | Vaults:4 | Reached XP level 25. HP: 281/292 MP: 33/42
 69500 | Vaults:5 | Killed an ancient lich
 70172 | Vaults:5 | Got a shimmering ruby amulet
 70227 | Vaults:5 | Found Ohurchad's Antique Weapon Boutique.
 70233 | Vaults:5 | Bought a polished flail for 416 gold pieces
 70233 | Vaults:5 | Identified the +8 flail "Xetsiq" {speed, *Corrode Str+2 Dex+2 Stlth+} (You bought it in a shop on level 5 of the Vaults)
 70235 | Vaults:5 | Identified the amulet of the Peculiar Planets {rCorr +Fly rElec rF+} (You took it off a vault sentinel on level 5 of the Vaults)
 70474 | Vaults:5 | Got a silver rune of Zot
 70922 | Elf:1    | Entered Level 1 of the Elven Halls
 71966 | Elf:2    | Found Penilir's General Store.
 72007 | Elf:2    | Bought a potion of curing for 57 gold pieces
 72007 | Elf:2    | Bought a potion of cancellation for 152 gold pieces
 72109 | Elf:2    | Found Vasoupn's Armour Shop.
 72233 | Elf:2    | Found a runed gate.
 72233 | Elf:2    | Found a runed gate.
 72234 | Elf:2    | Found a runed gate.
 72290 | Elf:2    | Found Xismaufo's Weapon Shoppe.
 72957 | Elf:3    | Entered Level 3 of the Elven Halls
 73875 | Elf:3    | Reached skill level 25 in Fighting
 74362 | Elf:3    | Got a flickering jade ring
 74365 | Elf:3    | Cast into the Abyss (a deep elf sorcerer)
 74377 | Abyss:1  | Found a corrupted altar of Lugonu.
 74672 | Abyss:1  | Found a corrupted altar of Lugonu.
 74698 | Abyss:1  | Reached XP level 26. HP: 196/213 MP: 33/39
 74999 | Abyss:1  | Gained mutation: You occasionally shout uncontrollably at your foes. [a neqoxec]
 75225 | Elf:3    | Escaped the Abyss
 75336 | Elf:3    | Identified the ring "Wempoxad" {rF+ MP+9 Dex+2 Stlth-} (You took it off a deep elf annihilator on level 3 of the Elven Halls)
 75386 | Elf:3    | Got a faintly glowing ice dragon armour
 75397 | Elf:3    | Identified the +8 ice dragon armour "Pibbauq" {*Drain rPois rF- rC++ rN+++ Dex+2} (You found it on level 3 of the Elven Halls)
 75527 | Elf:3    | Learned a level 2 spell: Stoneskin
 76819 | Zot:1    | Entered Level 1 of the Realm of Zot
 76929 | Zot:1    | Reached skill level 26 in Fighting
 77256 | Zot:1    | Cast into the Abyss (black draconian zombie)
 77790 | Abyss:1  | Found a corrupted altar of Lugonu.
 78087 | Zot:1    | Escaped the Abyss
 78195 | Zot:1    | Reached skill level 1 in Necromancy
 78740 | Zot:2    | Learned a level 5 spell: Dispel Undead
 78743 | Zot:2    | Learned a level 2 spell: Sublimation of Blood
 79224 | Zot:2    | Reached skill level 5 in Necromancy
 79781 | Zot:3    | You fall through a shaft!
 79795 | Zot:4    | Reached XP level 27. HP: 319/319 MP: 45/45
 80957 | Elf:2    | Learned a level 3 spell: Passwall
 82469 | Zot:4    | Reached skill level 27 in Fighting
 83345 | Zot:5    | Entered Level 5 of the Realm of Zot
 83910 | Zot:5    | Noticed an ancient lich
 83938 | Zot:5    | Killed an ancient lich
 84010 | Zot:5    | Reached skill level 15 in Throwing
 84017 | Zot:5    | Noticed an orb of fire
 84030 | Zot:5    | Killed an orb of fire
 84121 | Zot:5    | Noticed an ancient lich
 84216 | Zot:5    | Noticed an ancient lich
 84230 | Zot:5    | Noticed an orb of fire
 84230 | Zot:5    | Killed an ancient lich
 84236 | Zot:5    | Gained mutation: You sometimes yell uncontrollably at your foes. [an orb of fire]
 84237 | Zot:5    | Killed an orb of fire
 84322 | Zot:5    | Noticed an ancient lich
 84336 | Zot:5    | Killed an ancient lich
 84491 | Zot:5    | Noticed an orb of fire
 84497 | Zot:5    | Killed an orb of fire
 84525 | Zot:5    | Noticed an ancient lich
 84526 | Zot:5    | Noticed an orb of fire
 84563 | Zot:5    | Gained mutation: Your body sometimes deteriorates upon taking damage. [an orb of fire]
 84564 | Zot:5    | Killed an orb of fire
 84567 | Zot:5    | Killed an ancient lich
 84679 | Zot:5    | Noticed an ancient lich
 84689 | Zot:5    | Killed an ancient lich
 84863 | Zot:5    | Noticed an orb of fire
 84886 | Zot:5    | Gained mutation: You expend magic power (3 MP) to strengthen your wands. [an orb of fire]
 84887 | Zot:5    | Killed an orb of fire
 85152 | Zot:5    | Got the Orb of Zot
 85196 | Zot:5    | Noticed an ancient lich
 85346 | Zot:1    | Noticed Yximere the pandemonium lord
 85386 | Depths:5 | Noticed Acheron the pandemonium lord
 85408 | Depths:5 | Noticed Qyiddyuv the pandemonium lord
 85416 | Depths:5 | Cast into the Abyss (Qyiddyuv)
 85457 | Abyss:1  | Found a corrupted altar of Lugonu.
 85476 | Depths:5 | Escaped the Abyss
 85647 | D:15     | Noticed Musipher the pandemonium lord
 85762 | D:14     | Gained mutation: You frequently scream uncontrollably at your foes. [mutagenic glow]
 85888 | D:6      | Noticed Juabliom the pandemonium lord
 86158 | D:3      | Noticed Mushu the pandemonium lord
 86243 | D:1      | Lost mutation: You expend magic power (3 MP) to strengthen your wands. [potion of cure mutation]
 86243 | D:1      | Lost mutation: Your body sometimes deteriorates upon taking damage. [potion of cure mutation]
 86243 | D:1      | Lost mutation: You frequently scream uncontrollably at your foes. [potion of cure mutation]
 86244 | D:1      | Lost mutation: You sometimes yell uncontrollably at your foes. [potion of cure mutation]
 86244 | D:1      | Lost mutation: You occasionally shout uncontrollably at your foes. [potion of cure mutation]
 86251 | D:1      | Learned a level 5 spell: Excruciating Wounds
 86252 | D:$      | Escaped with the Orb!

Vault maps used:
D:1:      dpeg_arrival_simpleton_c, grunt_decor_one_mirror,
          nemelex_diamond_rough_becter
D:2:      gammafunk_temple_overflow_statue, grunt_decor_arrowhead, uniq_terence
D:3:      tgw_fedhas, uniq_crazy_yiuf_cottage
D:4:      uniq_duvessa
D:5:      nicolae_overflow_hidden_temple, first_bread, gup_sewer_entry_bubbles,
          serial_glass, glass_columns_a, glass_columns_c
D:6:      serial_shops, nicolae_shop_overgrown_old_shop, grunt_ministairs_12,
          minmay_misc_feat_cross, uniq_pikel
D:8:      hangedman_ranch
D:9:      gammafunk_temple_overflow_claw, due_lair_maze_entry_diamond, uniq_grum
D:10:     erik_orc_2
D:13:     david_vaults_5
D:14:     cheibriados_altar_1, lemuel_statue_altar, uniq_snorg
D:15:     grunt_enter_depths_hoard, hangedman_glass_teeth, minmay_joined_circles
Lair:2:   lab_entry_generic, lemuel_fruit_tree, uniq_gastronok
Lair:3:   lemuel_fruit_fields, lemuel_fruit_fields, uniq_sonja
Lair:4:   dragon1_lemuel, dummy_spider_entry, grunt_megastairs_3
Lair:6:   minmay_swamp_entry_worms, uniq_maud
Lair:7:   slime_altar_1, bh_autumn_forest_stairs
Lair:8:   hangedman_lair_tendril_chambers, guppyfry_lair_end_dragon,
          serial_bayou_lake_a, uniq_josephine, uniq_nessos
Swamp:1:  evilmike_swamp_ruin_house_1, uniq_frances
Swamp:2:  evilmike_swamp_ruin_rubble_1
Swamp:3:  nicolae_swamp_phyte_club, serial_swamp_ruin,
          evilmike_swamp_ruin_house_2, evilmike_swamp_ruin_house_5, swamp_pool1,
          st_swamp_ruins_1
Swamp:4:  swamp, swamp_pool1, uniq_aizul
Spider:2: spider_trap, uniq_louise
Spider:3: spider_trap, spiders_nest_wasp_nest
Spider:4: guppyfry_spider_rune
Orc:1:    serial_shops, shop, mines4_lemuel
Orc:2:    portal_ice_cave_entry_pillars_03, roderic_batcave
Orc:3:    nicolae_orc_pool_cavern, bloody_trog
Orc:4:    st_orc_mages
Elf:1:    eino_elf_arrival_customs, hangedman_elf_represent
Elf:2:    serial_shops, shop, shop, shop
Elf:3:    minmay_elf_hall_dome
Vaults:1: hangedman_vaults_stagger, ontoclasm_vaults_pinch,
          hangedman_vaults_capsules, ontoclasm_vaults_twist,
          ontoclasm_vaults_ring_small
Vaults:2: grunt_vaults_swirl, ontoclasm_vaults_spin, v_alt_pattern_2,
          nicolae_vaults_yaktaur_gun_rack, v_pattern_2, st_smaller_cells,
          v_misc_16, v_misc_12, nicolae_vaults_asterisk, serial_shops, shop,
          infiniplex_enter_wizlab_water, uniq_saint_roka
Vaults:3: minmay_crypt_entry_necro_gods, nicolae_vaults_ring_of_whatevers,
          v_misc_3, nicolae_vaults_ninety_degrees, grunt_vaults_bifocal,
          v_alt_pattern_3, nicolae_vaults_big_ls, ontoclasm_vaults_shout,
          ontoclasm_vaults_eye, v_rooms_3, v_misc_9, stair_cage_open,
          vaults_room_stairs_pillars, nicolae_vaults_circle_grid_a,
          vaults_room_semicircle, v_misc_16, nicolae_vaults_asterisk,
          nicolae_vaults_little_squares_3
Vaults:4: nicolae_vaults_branching_niches, hangedman_vaults_nodes,
          nicolae_vaults_rhombus_6, v_misc_24, v_misc_12, v_pattern_1,
          nicolae_vaults_asterisk, nicolae_vaults_little_squares_6, v_misc_3,
          nicolae_vaults_ring_of_whatevers, hangedman_vaults_cutoff,
          ontoclasm_vaults_ring_large, hangedman_vaults_maws, vaults_room_pools,
          v_misc_16
Depths:1: enter_ziggurat_c, hell_entry, minmay_misc_feat_ornament,
          abyss_entry_flame_altar, hallowed_hall
Depths:2: minmay_containers, hangedman_abyss_entry_splay, enter_trove_3,
          hell_entry, hangedman_decor_slide_cut, onia_ninara_cookie
Depths:3: kennysheep_large_spiral, tso_metal_star, grunt_pan_entry_zigzag,
          hangedman_coc_ice_floe, infiniplex_staircase_zigzag_1,
          roderic_lattice_octagonal_star
Depths:4: minmay_eyes, abyss_entry, hangedman_decor_clover_reticule, hell_entry
Depths:5: grunt_crosshair, hangedman_decor_riveting, pf_hell_entry_great_geh,
          grunt_pan_entry_sceptre, serial_shops, bzr_firewalk
Zot:5:    st_stairs_9
Abyss:1:  hangedman_abyss_stitches_cave, minivault_25
Bazaar:   bazaar_jpeg_hexagon
Sewer:    sewer_co_tree
IceCv:    ice_cave_small_giant
WizLab:   wizlab_doroklohe

Action                   |  1- 3 |  4- 6 |  7- 9 | 10-12 | 13-15 | 16-18 | 19-21 | 22-24 | 25-27 || total
-------------------------+-------+-------+-------+-------+-------+-------+-------+-------+-------++-------
Melee: Flail             |   121 |   111 |   327 |   625 |       |       |       |       |       ||  1184
       Morningstar       |       |       |       |   538 |  1639 |  2598 |  2971 |  2893 |  3274 || 13913
       Demon whip        |       |       |       |       |       |       |    23 |       |    37 ||    60
Throw: Large rock        |       |    12 |     2 |     9 |    45 |     9 |     5 |     7 |   211 ||   300
       Tomahawk          |       |       |       |       |    14 |     2 |       |       |       ||    16
       Javelin           |       |       |       |       |     2 |       |       |       |       ||     2
 Cast: Repel Missiles    |       |       |       |       |       |       |     2 |     8 |    19 ||    29
       Regeneration      |       |       |       |       |       |       |       |    16 |    33 ||    49
       Shroud of Golubri |       |       |       |       |       |       |       |     4 |     3 ||     7
       Blink             |       |       |       |       |       |       |       |     3 |     1 ||     4
       Portal Projectile |       |       |       |       |       |       |       |     1 |     6 ||     7
       Phase Shift       |       |       |       |       |       |       |       |       |    20 ||    20
       Spectral Weapon   |       |       |       |       |       |       |       |       |     8 ||     8
       Stoneskin         |       |       |       |       |       |       |       |       |     1 ||     1
       Dispel Undead     |       |       |       |       |       |       |       |       |     6 ||     6
Invok: Greater Servant o |       |       |       |     1 |       |       |       |       |       ||     1
       Major Destruction |       |       |       |       |     2 |       |       |       |       ||     2
Evoke: Wand              |       |       |       |    25 |     2 |     6 |     1 |     3 |    29 ||    66
  Use: Scroll            |       |     6 |     2 |     7 |    24 |    12 |    10 |    17 |    28 ||   106
       Potion            |       |       |     4 |     4 |    13 |     5 |     6 |    15 |    14 ||    61
 Stab: Sleeping          |       |       |       |       |     1 |       |       |       |       ||     1
       Distracted        |       |       |       |       |       |     1 |       |       |       ||     1
       Confused          |       |       |       |       |       |       |       |       |     2 ||     2
       Invisible         |       |       |       |       |       |       |       |       |     9 ||     9
  Eat: Chunk             |     2 |     3 |     6 |    35 |    34 |    28 |    32 |    23 |    31 ||   194
       Bread ration      |       |     1 |     1 |       |     1 |     1 |     1 |     2 |     8 ||    15
       Fruit             |       |       |       |     1 |       |     3 |       |       |       ||     4
       Pizza             |       |       |       |       |     2 |     1 |     1 |     2 |     2 ||     8
       Beef jerky        |       |       |       |       |     1 |     1 |     3 |     2 |     1 ||     8
       Royal jelly       |       |       |       |       |       |     2 |     1 |     1 |       ||     4
       Meat ration       |       |       |       |       |       |     1 |     1 |     1 |       ||     3
